AoeStats
← QNa_NguaHoang

Black Forest

509519832Analyzed
4v4 RM · 6d ago on Sep 27, 2026· 43m 19s· 8 players
Game mode
Random Map
Map size
Large (8 player)
Population
200
Speed
Normal
Resources
Standard
Victory
Conquest
Starting age
Dark Age
Ending age
Imperial Age
RankedLock teamsTeams togetherTeam positionsShared explorationLock speedFull tech treeHidden civsTurbo modeCheats
Victory
Defeat
🇰🇷 Britons · South Korea
1464
+10
🇦🇺 Mongols · Australia
1330
+16
🇰🇷 Dravidians · South Korea
1295
+17
🇰🇷 Hindustanis · South Korea
1265
+18
🇺🇸 Varangians · United States
1365
-17
🇦🇷 Malay · Argentina
1358
-17
🇻🇳 Tatars · Vietnam
1281
-14
🇨🇱 Bohemians · Chile
1276
-13
Tawny
4:22 Loom
13:51 Feudal Age
14:55 Horse Collar
15:01 Double-Bit Axe
18:13 Castle Age
18:06 Wheelbarrow
19:22 Bow Saw
21:51 Fishing Lines
23:48 Gillnets
24:01 Stone Mining
24:30 Fletching
24:41 Padded Archer Armor
24:40 Gold Mining
26:01 Caravan
27:01 Gold Shaft Mining
27:04 Stone Shaft Mining
26:49 Hand Cart
26:49 Bodkin Arrow
27:09 Leather Archer Armor
28:06 Heavy Plow
29:08 Nomads
32:55 Imperial Age
31:14 Forging
31:10 Scale Barding Armor
31:43 Fortified Wall
31:53 Ballistics
31:57 Thumb Ring
32:04 Bloodlines
31:55 Husbandry
33:11 Iron Casting
31:57 Light Cavalry
33:28 Masonry
33:14 Murder Holes
33:10 Elite Mangudai
34:10 Conscription
33:53 Bracer
34:38 Parthian Tactics
35:16 Chemistry
34:58 Chain Barding Armor
35:40 Blast Furnace
34:22 Hussar
41:00 Hoardings
PLEASE, PLEASE, PLEASE
0:52 Loom
12:38 Feudal Age
13:16 Double-Bit Axe
13:23 Gold Mining
13:15 Horse Collar
13:18 Fishing Lines
19:11 Castle Age
17:58 Stone Mining
19:33 Wheelbarrow
20:09 Bow Saw
28:56 Imperial Age
27:25 Masonry
28:17 Ballistics
27:52 Fletching
28:02 Padded Archer Armor
28:39 Bodkin Arrow
29:51 Leather Archer Armor
30:01 Conscription
29:50 Thumb Ring
29:34 Pikeman
30:16 Squires
30:01 Arson
30:02 Gambesons
30:19 Elite Elephant Archer
31:25 Bracer
33:43 Chemistry
41:40 Ring Archer Armor
42:13 Hand Cart
Gustavsson
2:29 Loom
10:22 Feudal Age
17:01 Castle Age
15:15 Double-Bit Axe
17:07 Horse Collar
17:11 Fishing Lines
18:07 Bow Saw
19:49 Scale Barding Armor
22:17 Forging
21:37 Light Cavalry
23:22 Wheelbarrow
23:20 Husbandry
23:30 Bloodlines
23:23 Gillnets
24:02 Heavy Plow
24:35 Caravan
27:36 Hand Cart
30:09 Imperial Age
30:17 Iron Casting
30:02 Chain Barding Armor
30:13 Gold Mining
30:13 Stone Mining
31:11 Hussar
32:17 Heavy Camel Rider
34:17 Fortified Wall
34:20 Masonry
34:50 Gold Shaft Mining
34:50 Stone Shaft Mining
35:24 Blast Furnace
34:59 Plate Barding Armor
35:38 Two-Man Saw
37:32 Plate Barding Armor
남조선사람
0:44 Loom
13:15 Feudal Age
17:30 Castle Age
16:22 Double-Bit Axe
16:48 Fishing Lines
18:07 Fletching
23:03 Bodkin Arrow
24:34 Padded Archer Armor
27:55 Horse Collar
30:50 Wheelbarrow
30:53 Bow Saw
31:10 Heavy Plow
34:46 Imperial Age
32:21 Gold Mining
33:42 Leather Archer Armor
33:33 Caravan
33:39 Scale Mail Armor
33:40 Gillnets
33:54 Stone Mining
33:29 Man-at-Arms
34:34 Forging
34:20 Gambesons
34:36 Squires
34:35 Arson
34:24 Long Swordsman
35:30 Bracer
35:57 Hand Cart
36:13 Ballistics
35:22 Two-Handed Swordsman
35:25 Pikeman
37:00 Iron Casting
37:14 Chain Mail Armor
38:24 Chemistry
38:59 Blast Furnace
38:36 Warwolf
39:44 Two-Man Saw
38:19 Capped Ram
39:30 Plate Mail Armor
38:55 Town Watch
39:12 Champion
40:56 Ring Archer Armor
40:38 Siege Engineers
41:12 Elite Longbowman
42:15 Conscription
42:43 Yeomen
43:20 Hoardings
42:57 Masonry
42:43 Murder Holes
43:40 Gold Shaft Mining
43:18 Onager
Ozz
12:25 Feudal Age
13:15 Double-Bit Axe
15:59 Castle Age
16:15 Fishing Lines
17:43 Bow Saw
19:15 Stone Mining
20:35 Scale Mail Armor
20:57 Gold Mining
21:38 Squires
23:55 Wheelbarrow
23:06 Loom
24:50 Chain Mail Armor
26:55 Gillnets
27:23 Gambesons
31:54 Imperial Age
29:20 Arson
29:58 Forging
30:33 Hand Cart
30:04 Town Watch
30:44 Horse Collar
33:01 Conscription
33:18 Plate Mail Armor
32:55 Capped Ram
33:18 Pikeman
34:37 Iron Casting
34:06 Gothikon
34:11 Halberdier
35:10 Elite Varangian Guard
37:35 Blast Furnace
36:57 Heavy Plow
37:27 Siege Ram
38:57 Treadmill Crane
39:14 Onager
39:19 Heavy Scorpion
42:10 Chemistry
41:31 Ballistics
42:13 Chemistry
NPG | Kenji
0:31 Loom
11:13 Feudal Age
16:45 Castle Age
15:33 Double-Bit Axe
15:33 Horse Collar
17:58 Bow Saw
22:04 Fervor
22:28 Herbal Medicine
23:23 Redemption
26:57 Heavy Plow
27:18 Herbal Medicine
28:48 Wheelbarrow
33:02 Imperial Age
33:42 Chemistry
33:03 Ballistics
34:11 Hand Cart
34:08 Houfnice
35:17 Pikeman
35:58 Squires
35:55 Elite Skirmisher
36:04 Halberdier
36:53 Hussite Reforms
36:53 Wagenburg Tactics
37:10 Conscription
39:13 Scale Mail Armor
40:46 Two-Man Saw
41:55 Chain Mail Armor
41:50 Forging
41:41 Padded Archer Armor
41:32 Fletching
QNa_NguaHoang
2:06 Loom
12:21 Feudal Age
16:31 Castle Age
15:24 Double-Bit Axe
17:09 Wheelbarrow
17:54 Bow Saw
17:31 Horse Collar
21:45 Stone Mining
23:28 Gold Mining
24:47 Gold Shaft Mining
29:52 Imperial Age
28:02 Hand Cart
29:36 Scale Barding Armor
29:42 Forging
29:39 Silk Armor
30:13 Elite Keshik
32:17 Conscription
32:19 Chain Barding Armor
32:48 Bloodlines
32:40 Husbandry
32:02 Light Cavalry
34:43 Plate Barding Armor
34:16 Hussar
36:14 Iron Casting
40:38 Blast Furnace
JUNCAL
0:51 Loom
12:57 Feudal Age
13:14 Double-Bit Axe
15:10 Fishing Lines
25:29 Castle Age
24:04 Fletching
Connection lost

Rejoining the realm…

Still unreachable

The connection could not be restored.

Session expired

The server has moved on; the page needs a fresh start.